 Dungeon Crawl Stone Soup version 0.20.0-6-gd3061e9 (webtiles) character file.

61 Alarkh the Chopper (level 3, 0/29 HPs)
             Began as a Demonspawn Monk on May 28, 2017.
             Succumbed to an adder's poison
             ... on level 2 of the Dungeon.
             The game lasted 00:02:21 (1693 turns).

Alarkh the Chopper (Demonspawn Monk)                Turns: 1693, Time: 00:02:22

Health: 0/29       AC:  3    Str: 11    XL:     3   Next: 83%
Magic:  3/3        EV: 13    Int: 12    God:
Gold:   61         SH:  0    Dex: 15    Spells: 2/2 levels left

rFire    . . .     SeeInvis .   a - +0 hand axe
rCold    . . .     Gourm    .   (no shield)
rNeg     . . .     Faith    .   b - +1 robe
rPois    .         Spirit   .   (no helmet)
rElec    .         Reflect  .   (no cloak)
rCorr    .         Harm     .   (no gloves)
MR       .....     Clarity  +   (no boots)
Stlth    ++........             (no amulet)
Regen    0.1/turn               (no ring)
MPRegen  0.1/turn               (no ring)

@: lethally poisoned (0 -> -5), about to teleport, very slightly contaminated
A: clarity, mutation resistance 1, powered by pain 1
a: no special abilities


You were on level 2 of the Dungeon.
You were not hungry.

You visited 1 branch of the dungeon, and saw 2 of its levels.

You collected 61 gold pieces.

Inventory:

Hand Weapons
 a - a +0 hand axe (weapon)
Armour
 b - a +1 robe (worn)
Scrolls
 e - a scroll of identify
Potions
 g - a potion of brilliance
Comestibles
 c - 2 bread rations
 f - 2 royal jellies
 l - 3 chunks of flesh


   Skills:
 - Level 3.0 Fighting
 + Level 4.3 Axes
 - Level 2.6 Dodging
 - Level 1.7 Stealth


You had 2 spell levels left.
You didn't know any spells.

Dungeon Overview and Level Annotations

Branches:
Dungeon (2/15)

Altars:


Innate Abilities, Weirdness & Mutations

You sometimes gain a little power by taking damage.
You possess an exceptional clarity of mind.
You are somewhat resistant to further mutation.


Message History

As you read the scroll labeled ETAWKAIRPHES, it crumbles to dust.
It is a scroll of recharging.
You aren't carrying any rechargeable items.
As you read the scroll labeled ZILAXA AMMEN, it crumbles to dust.
You feel blessed for a moment.
It was a scroll of remove curse.
* * * LOW HITPOINT WARNING * * *
You feel sick.
Blink to where?
Press: ? - help, Dir - move target cursor You are very lightly contaminated with residual magic.
As you read the scroll labeled WIGIBE OWAU, it crumbles to dust.
It was a scroll of blinking.
As you read the scroll labeled SOM UQUKLE, it crumbles to dust.
You feel strangely unstable.
It was a scroll of teleportation.
* * * LOW HITPOINT WARNING * * *
You feel sick.
As you read the scroll labeled ARYBET PENLONU, it crumbles to dust.
It is a scroll of enchant armour.
Your +0 robe glows green for a moment.
You die...

#................#..)..# ###.#.
#####.#..S.#######.....###.....
....#....#...#.........#.....
#...............###.#.#.#.....
...................#...#.#.....
###.######.......##.#.#g#.#.....
#.#.........#####รท#.#.#...#.##
# #.#############.#.#.###.#(#
#.##..)....@..#.#>#.g.#.#.#
#....########.#.#.###.#.#.#
###### ####.#.#.# #g#.#.#
#....#.#.# #.#.#.# #...<#.#.#
#g#.#.# #....#.#.# #.#.#.#
#....#g#.# #.#.#.# #.....#.#.#
#.#.#.# #.....(#...# #.#.#)##


There were no monsters in sight!

Vanquished Creatures
  3 adders (D:2)
  A worm (D:2)
  A dart slug (D:1)
  3 leopard geckos
  A giant cockroach (D:2)
  4 goblins
  2 hobgoblins (D:2)
  3 ball pythons
  4 bats (D:2)
  5 kobolds
  A rat (D:1)
28 creatures vanquished.

Notes
Turn   | Place    | Note
-------+----------+-------------------------------------------
     0 | D:1      | Alarkh the Demonspawn Monk began the quest for the Orb.
     0 | D:1      | Reached XP level 1. HP: 18/18 MP: 1/1
   260 | D:1      | Reached skill level 3 in Axes
   395 | D:1      | Gained mutation: You sometimes gain a little power by taking damage. [demonic ancestry]
   395 | D:1      | Reached XP level 2. HP: 21/24 MP: 2/2
   968 | D:2      | Reached XP level 3. HP: 25/29 MP: 3/3
  1042 | D:2      | Gained mutation: You are somewhat resistant to further mutation. [potion of mutation]
  1042 | D:2      | Gained mutation: You possess an exceptional clarity of mind. [potion of mutation]
  1044 | D:2      | Reached skill level 4 in Axes
  1691 | D:2      | HP: 1/29 [poisoned by an adder]
  1693 | D:2      | Succumbed to an adder's poison

Skill      XL: |  1  2  3 |
---------------+----------+-----
Axes           | 3 4 |  4.3
Fighting       | |  3.0
Dodging        | |  2.6
Stealth        | |  1.7

Action                   || total
-------------------------++-------
Melee: Hand axe          ||    96
  Use: Scroll            ||     6
       Potion            ||     3
 Stab: Sleeping          ||     5
       Invisible         ||     1
  Eat: Chunk             ||     2
Armor: Robe              ||    31
Dodge: Dodged            ||    66
